 Dungeon Crawl Stone Soup version 0.18-a0-1593-g7a89b71 (webtiles) character file.

45243 MenacingMecha the Bludgeoner (level 14, -10/162 HPs)
             Began as an Ogre Berserker on Mar 20, 2016.
             Was the Champion of Trog.
             Mangled by an orc knight
             ... wielding a +0 dire flail
              (22 damage)
             ... on level 2 of the Orcish Mines.
             The game lasted 01:44:09 (27210 turns).

MenacingMecha the Bludgeoner (Ogre Berserker)      Turns: 27210, Time: 01:44:09

Health: -10/162    AC: 12    Str: 30    XL:     14   Next: 32%
Magic:  17/17      EV: 12    Int:  6    God:    Trog [******]
Gold:   1775       SH:  0    Dex: 12    Spells: 0 memorised, 13 levels left

rFire  . . .     SeeInvis .     o - +7 giant spiked club of Ipoo {drain, *Corrode +Inv MR+ Str+4}
rCold  . . .     Gourm    .     s - +2 swamp dragon armour
rNeg   . . .     Faith    .     (shield currently unavailable)
rPois  +         Spirit   .     (helmet restricted)
rElec  .         Dismiss  +     f - +0 cloak
rCorr  .         Reflect  .     (gloves unavailable)
SustAt .         Harm     .     (boots unavailable)
MR     ++...                    z - amulet of dismissal
Stlth  +.........               (no ring)
                                (no ring)

@: very resistant to hostile enchantments, very unstealthy
A: unfitting armour, tough skin 1
a: Berserk, Trog's Hand, Brothers in Arms, Burn Spellbooks, Renounce Religion,
Evoke Invisibility


You were on level 2 of the Orcish Mines.
You worshipped Trog.
Trog was exalted by your worship.
You were not hungry.

You visited 3 branches of the dungeon, and saw 19 of its levels.
You also visited: Ice Cave.

You collected 1775 gold pieces.

Inventory:

Hand Weapons
 l - a +0 giant spiked club
 o - the +7 giant spiked club of Ipoo (weapon) {drain, *Corrode +Inv MR+ Str+4}
   (Trog gifted it to you on level 3 of the Lair of Beasts)

   A truly terrible weapon, it drains the life of those it strikes.
   It affects your strength (+4).
   It affects your resistance to hostile enchantments.
   It lets you turn invisible.
   It may corrode you when you take damage.
 D - a +4 antimagic great mace
 J - the +4 giant club of Wirarasm {drain, Str+6 Int+6, unknown}
   (Trog gifted it to you on level 2 of the Orcish Mines)

   A truly terrible weapon, it drains the life of those it strikes.
   It affects your strength (+6).
   It affects your intelligence (+6).
Missiles
 n - a poisoned javelin
 u - 13 tomahawks
 x - 2 throwing nets
 G - 3 large rocks (quivered)
 I - 2 steel javelins
Armour
 f - a +0 cloak (worn)
 s - a +2 swamp dragon armour (worn)
Jewellery
 z - an amulet of dismissal (around neck)
Wands
 p - a wand of teleportation (3/9)
 y - a wand of lightning (11/15)
 A - a wand of flame (10/48)
 F - a wand of iceblast (4/15)
Scrolls
 a - 4 scrolls of recharging
 e - 7 scrolls of fog
 j - 2 scrolls of identify
 r - 3 scrolls of fear
 t - 8 scrolls of teleportation
 C - a scroll of acquirement {unknown}
 E - a scroll of magic mapping {unknown}
Potions
 g - a potion of agility
 i - 2 potions of curing
 k - a potion of haste
 m - 4 potions of lignification
 q - 3 potions of might
 w - a potion of cancellation {unknown}
 B - a potion of berserk rage {unknown}
 H - a potion of magic
Miscellaneous
 b - a phial of floods
Comestibles
 c - 12 bread rations
 v - a beef jerky


   Skills:
 + Level 16.0 Fighting
 + Level 20.3 Maces & Flails
 - Level 7.3 Throwing
 - Level 4.0 Armour
 - Level 7.0 Dodging
 + Level 4.4 Evocations


You had 13 spell levels left.
You didn't know any spells.

Dungeon Overview and Level Annotations

Branches:
Dungeon (12/15)            Temple (0/1) D:4            Lair (5/8) D:11
    Orc (2/2) D:12            Elf (0/3) Orc:2
  Swamp: Lair:3-6    Shoals: Lair:3-6     Snake: Lair:3-6    Spider: Lair:3-6

Altars:
Dithmenos
Fedhas
Gozag
Qazlal
Ru
Vehumet
Xom
Yredelemnul
The Shining One

Shops:
D:7 (   D:12 ([

Annotations:
D:9 Duskembrace's ghost, journeyman OgBe
D:10 Herrn's ghost, journeyman VSFi
Lair:2 stash1
Lair:3 possible treasure vault, bring digging


Innate Abilities, Weirdness & Mutations

You are too large for most types of armour.
You have tough skin (AC +1).


Message History

Things that are here:
a bolt; a flail; an orc corpse
Things that are here:
a dire flail; a chain mail; an orc corpse You hit the orc knight but do no damage.
You drain the orc knight!
The orc knight is lightly wounded.
The orc knight unwields an uncursed arbalest.
The orc knight wields an uncursed dire flail.
The orc knight hits you with an uncursed dire flail!
* * * LOW HITPOINT WARNING * * *
You barely miss the orc knight.
The orc knight is lightly wounded.
The orc knight roars a battlecry!
The orc goes into a battle-frenzy!
The orc knight hits you but does no damage.
You hit the orc knight.
The orc knight is lightly wounded.
The orc knight hits you with an uncursed dire flail!!
You die...

.# ..#.....# ##.# o..#..... ...#
........# #..### ...o....# #....
....#..# #.(# .....# #))#
#..######))#######.
#.(o((.@o).........
#.(((.())..........
#######.##..#.........# #
##.......(..#.....##
#...##................# ###
#.#.#.#................. ##.##
........................ #...##
##.......................
.....####........................


You could see an orc knight and an orc (frenzied).

Vanquished Creatures
  Maud (Orc:2)
  Nessos (Orc:2)
  A hydra (Lair:5)
  A fire crab (Lair:5)
  4 hill giants
  3 orc knights
  2 orc sorcerers
  A manticore (D:12)
  2 cyclopes
  3 ugly things
  4 black mambas
  2 gargoyles (D:11)
  2 ice statues (IceCv)
  8 elephants
  A rime drake (Lair:5)
  5 komodo dragons
  11 spiny frogs
  8 ice devils (IceCv)
  2 two-headed ogres (D:11)
  3 trolls
  Prince Ribbit (D:7)
  13 blink frogs
  2 shadows
  A vampire (D:10)
  32 yaks
  5 basilisks
  2 steam dragons (D:11)
  6 hippogriffs
  A hungry ghost (D:7)
  5 wargs
  8 water moccasins
  6 porcupines
  2 black bears
  4 sky beasts
  20 orc warriors
  A phantom (D:7)
  A necrophage (D:9)
  A wasp (D:9)
  5 ogres
  3 centaurs
  13 crocodiles
  7 wolves (Lair:1)
  Blork the orc (D:5)
  A big kobold (D:11)
  13 giant frogs
  3 gnoll sergeants
  9 scorpions
  9 killer bees (D:11)
  16 wights
  5 howler monkeys
  3 crimson imps
  3 centaur zombies
  2 quasits
  4 centaur skeletons
  5 jellies
  2 giant frog skeletons
  7 hounds
  14 orc priests
  Natasha (thrice) (D:2)
  8 iguanas
  18 orc wizards
  13 worker ants
  A killer bee zombie (D:7)
  A worker ant zombie (D:8)
  19 gnolls
  9 adders
  63 river rats
  5 shadow imps
  13 white imps
  5 ufetubi (IceCv)
  2 oozes (D:1)
  An adder zombie (D:5)
  2 adder skeletons
  2 dart slugs (D:3)
  5 giant geckos
  67 orcs
  15 bats
  4 giant cockroaches
  5 goblins
  10 hobgoblins
  2 jackals (D:2)
  4 quokkas
  5 ball pythons
  A ball python skeleton (D:4)
  8 giant newts
  11 kobolds
  2 quokka skeletons (D:5)
  16 rats
  A butterfly (Lair:1)
  3 plants
625 creatures vanquished.

Vanquished Creatures (others)
  3 white imps (IceCv)
  8 ufetubi (IceCv)
  20 fungi
  4 plants (D:11)
35 creatures vanquished.

Grand Total: 660 creatures vanquished

Notes
Turn   | Place    | Note
--------------------------------------------------------------
     0 | D:1      | MenacingMecha the Ogre Berserker began the quest for the Orb.
     0 | D:1      | Reached XP level 1. HP: 24/24 MP: 1/1
    31 | D:1      | Reached XP level 2. HP: 21/32 MP: 2/2
   402 | D:1      | Reached skill level 5 in Maces & Flails
   763 | D:1      | Reached XP level 3. HP: 29/39 MP: 3/3
   771 | D:1      | Reached ** piety under Trog
  1061 | D:2      | Noticed Natasha
  1069 | D:2      | Killed Natasha
  1069 | D:2      | Reached skill level 6 in Maces & Flails
  1069 | D:2      | Reached XP level 4. HP: 48/48 MP: 4/4
  1134 | D:2      | Noticed Natasha
  1139 | D:2      | Killed Natasha
  1389 | D:2      | Noticed Natasha
  1403 | D:2      | Killed Natasha
  1403 | D:2      | Reached skill level 7 in Maces & Flails
  1403 | D:2      | Reached XP level 5. HP: 54/54 MP: 5/5
  2100 | D:3      | Reached skill level 8 in Maces & Flails
  2172 | D:3      | Found a stormy altar of Qazlal.
  2187 | D:3      | Reached *** piety under Trog
  2706 | D:4      | Found a staircase to the Ecumenical Temple.
  2756 | D:4      | Reached XP level 6. HP: 57/62 MP: 6/6
  2800 | D:4      | Reached skill level 9 in Maces & Flails
  3806 | D:4      | Reached skill level 10 in Maces & Flails
  3806 | D:4      | Reached XP level 7. HP: 55/70 MP: 7/7
  3928 | D:5      | Entered Level 5 of the Dungeon
  4064 | D:5      | Noticed a hippogriff
  4074 | D:5      | Killed a hippogriff
  4135 | D:5      | Found a glowing golden altar of the Shining One.
  4173 | D:5      | Reached skill level 11 in Maces & Flails
  4543 | D:5      | Noticed Blork the orc
  4553 | D:5      | Killed Blork the orc
  4738 | D:5      | Reached XP level 8. HP: 47/78 MP: 8/8
  4741 | D:5      | Reached skill level 12 in Maces & Flails
  5888 | D:6      | Found a shimmering altar of Xom.
  6077 | D:6      | Found a shimmering altar of Xom.
  6255 | D:6      | Reached skill level 13 in Maces & Flails
  6465 | D:6      | Found a shimmering altar of Xom.
  7132 | D:6      | Found a blossoming altar of Fedhas.
  7170 | D:6      | Reached **** piety under Trog
  7170 | D:6      | Reached skill level 14 in Maces & Flails
  7197 | D:6      | Reached XP level 9. HP: 50/84 MP: 9/9
  8090 | D:7      | Reached skill level 5 in Fighting
  8120 | D:7      | Received a gift from Trog
  8130 | D:7      | Noticed Prince Ribbit
  8320 | D:7      | Killed Prince Ribbit
  8320 | D:7      | Reached skill level 1 in Throwing
  8754 | D:7      | Found a basalt altar of Yredelemnul.
  8789 | D:7      | Found Ruud's Antique Weapon Shop.
  8824 | D:7      | Reached skill level 15 in Maces & Flails
  9203 | D:8      | Reached XP level 10. HP: 91/102 MP: 10/10
 10006 | D:8      | Found a radiant altar of Vehumet.
 10951 | D:9      | Found an opulent altar of Gozag.
 10996 | D:9      | Noticed Duskembrace's ghost (journeyman OgBe)
 11026 | D:8      | Found a shadowy altar of Dithmenos.
 11102 | D:9      | Reached skill level 5 in Throwing
 11134 | D:10     | Entered Level 10 of the Dungeon
 11134 | D:10     | Noticed Herrn's ghost (journeyman VSFi)
 11745 | D:9      | Received a gift from Trog
 11777 | D:9      | Found a sacrificial altar of Ru.
 11816 | D:8      | Reached skill level 16 in Maces & Flails
 12499 | D:10     | Noticed a hill giant
 12506 | D:10     | Killed a hill giant
 12556 | D:10     | Received a gift from Trog
 12556 | D:10     | Reached skill level 10 in Fighting
 12556 | D:10     | Reached XP level 11. HP: 62/117 MP: 11/11
 13002 | D:10     | Noticed a hill giant
 13008 | D:10     | Killed a hill giant
 13008 | D:10     | Reached skill level 5 in Dodging
 13480 | D:11     | Reached ***** piety under Trog
 13738 | D:11     | Found a staircase to the Lair.
 13801 | D:11     | Received a gift from Trog
 13848 | D:11     | Noticed a cyclops
 13856 | D:11     | Killed a cyclops
 13867 | D:11     | Noticed a cyan ugly thing
 13871 | D:11     | Killed a cyan ugly thing
 13982 | D:11     | Noticed a white ugly thing
 13989 | D:11     | Killed a white ugly thing
 14042 | D:11     | Reached skill level 17 in Maces & Flails
 14140 | D:11     | Noticed a hill giant
 14147 | D:11     | Killed a hill giant
 15312 | Lair:1   | Entered Level 1 of the Lair of Beasts
 15343 | D:11     | Gained mutation: You expend magic power (3 MP) to strengthen your wands. [potion of mutation]
 15343 | D:11     | Gained mutation: You tend to lose your temper in combat. [potion of mutation]
 15345 | D:11     | Lost mutation: You expend magic power (3 MP) to strengthen your wands. [potion of cure mutation]
 15345 | D:11     | Lost mutation: You tend to lose your temper in combat. [potion of cure mutation]
 15829 | Lair:1   | Reached XP level 12. HP: 90/132 MP: 12/12
 16230 | Lair:1   | Reached skill level 1 in Armour
 17028 | Lair:1   | Received a gift from Trog
 17473 | Lair:2   | Reached skill level 18 in Maces & Flails
 19250 | Lair:3   | Received a gift from Trog
 19264 | Lair:3   | Got an encrusted giant spiked club {god gift}
 19265 | Lair:3   | Identified the +7 giant spiked club of Ipoo {drain, *Corrode +Inv MR+ Str+4} (Trog gifted it to you on level 3 of the Lair of Beasts)
 20123 | Lair:4   | Reached XP level 13. HP: 131/145 MP: 13/13
 20766 | Lair:4   | Reached skill level 19 in Maces & Flails
 21654 | Lair:5   | Found a frozen archway.
 21705 | IceCv    | Entered an ice cave
 23784 | Lair:5   | Reached skill level 1 in Evocations
 23787 | Lair:5   | Reached skill level 15 in Fighting
 25063 | D:12     | Reached ****** piety under Trog
 25133 | D:12     | Found Betud's Weapon Boutique.
 25179 | D:12     | Found a staircase to the Orcish Mines.
 25180 | D:12     | Found Waag's Armour Boutique.
 25188 | D:12     | Received a gift from Trog
 25564 | D:12     | Reached XP level 14. HP: 136/159 MP: 16/16
 25822 | Orc:1    | Entered Level 1 of the Orcish Mines
 26157 | Orc:1    | Reached skill level 20 in Maces & Flails
 26457 | Orc:2    | Entered Level 2 of the Orcish Mines
 26458 | Orc:2    | Noticed Nessos
 26503 | Orc:2    | Killed Nessos
 26684 | Orc:2    | Noticed Maud
 26690 | Orc:2    | Found a staircase to the Elven Halls.
 26945 | Orc:2    | Killed Maud
 27092 | Orc:2    | Received a gift from Trog
 27158 | Orc:2    | Got a crude giant club {god gift}
 27210 | Orc:2    | Mangled by an orc knight

Vault maps used:
D:1:      lightli_arrival_flooded_house
D:2:      uniq_natasha
D:3:      lemuel_round_altar, minmay_unequal
D:4:      minmay_temple_entry_from_below_a, first_bread
D:5:      tso_metal_star, uniq_blork_the_orc
D:6:      lemuel_round_altar, xom_redecorated
D:7:      yredelemnul_altar_generic, serial_shops, shop, grunt_ogre_cave,
          uniq_prince_ribbit1
D:8:      lemuel_upstairs_altar, vehumet_altar_wand_db
D:9:      old_standard_altar, nicolae_ru_awakened_eye
D:10:     hangedman_abyss_or_decor_lesser_grid, grunt_ministairs_4
D:11:     grunt_lair_entry_orc_guard_hut
D:12:     orc_david_3, serial_shops, nicolae_shop_crystal
Lair:1:   minivault_27, beast_lair_carwin_4, lemuel_fruit_fields
Lair:3:   wad_woods_minihive, infiniplex_staircase_pool
Lair:5:   portal_ice_cave_entry_imps, lemuel_fruit_tree
Orc:2:    st_orc_town, uniq_maud, uniq_nessos, uniq_josephine
IceCv:    ice_cave_small_demon

Skill      XL: |  1  2  3  4  5  6  7  8  9 10 11 12 13 14 |
---------------+-------------------------------------------+-----
Maces & Flails | 5 6 7 8 10 11 14 15 16 17 18 19 20 | 20.3
Dodging        | 3 4 7 |  7.0
Fighting       | 7 10 12 13 15 16 | 16.0
Throwing       | 3 5 7 |  7.3
Armour         | 4 |  4.0
Evocations     | 3 4 |  4.4

Action                   |  1- 3 |  4- 6 |  7- 9 | 10-12 | 13-15 || total
-------------------------+-------+-------+-------+-------+-------++-------
Melee: Mace              |    87 |   156 |       |       |       ||   243
       Flail             |       |     9 |   319 |       |       ||   328
       Giant club        |       |       |    15 |   643 |   131 ||   789
       Great mace        |       |       |       |    90 |       ||    90
       Giant spiked club |       |       |       |       |   317 ||   317
Throw: Javelin           |       |       |     3 |    27 |    12 ||    42
       Large rock        |       |       |       |    83 |    48 ||   131
       Tomahawk          |       |       |       |    15 |    23 ||    38
Invok: Berserk           |     2 |     5 |    12 |     7 |     1 ||    27
       Trog's Hand       |       |       |       |     1 |     2 ||     3
  Use: Scroll            |       |     7 |     1 |    12 |     3 ||    23
       Potion            |       |       |       |     7 |     2 ||     9
 Stab: Sleeping          |       |     1 |       |       |       ||     1
  Eat: Chunk             |     2 |    14 |    12 |    35 |    14 ||    77
       Pizza             |       |       |     1 |     2 |       ||     3
       Meat ration       |       |       |     3 |       |       ||     3
       Bread ration      |       |       |     1 |       |     2 ||     3
       Fruit             |       |       |     1 |       |       ||     1
       Royal jelly       |       |       |       |     1 |       ||     1
       Beef jerky        |       |       |       |     1 |     1 ||     2
